 Dungeon Crawl Stone Soup version 0.26.1-10-gdfb7c7de75 (webtiles) character file.

Game seed: 2087931201339951434

81 JustSomeDude the Cutter (level 4, -1/34 HPs)
             Began as a Demonspawn Gladiator on Jan 17, 2021.
             Slain by a gnoll
             ... wielding a +0 spear of distortion
              (7 damage)
             ... on level 3 of the Dungeon on Apr 5, 2021.
             The game lasted 00:04:55 (2179 turns).

JustSomeDude the Cutter (Demonspawn Gladiator)      Turns: 2179, Time: 00:04:56

Health: -1/34      AC: 11    Str: 16    XL:     4   Next: 19%
Magic:  0/4        EV: 16    Int:  9    God:
Gold:   88         SH:  0    Dex: 14    Spells: 3/3 levels left

rFire    + + .     SeeInvis .   a - +0 rapier
rCold    + . .     Faith    .   (no shield)
rNeg     . . .     Spirit   +   g - +2 scale mail {rF+}
rPois    +         Reflect  .   c - +0 helmet
rElec    +         Harm     .   (no cloak)
rCorr    +         Rampage  .   (no gloves)
Will     .....                  (no boots)
Stlth    ..........             (no amulet)
HPRegen  0.11/turn              (no ring)
MPRegen  0.09/turn              (no ring)

@: agile, resistant
A: iridescent scales 1, powered by pain 1, magic shield
a: no special abilities


You were on level 3 of the Dungeon.
You visited 1 branch of the dungeon, and saw 3 of its levels.

You collected 88 gold pieces.

Inventory:

Hand Weapons
 a - a +0 rapier (weapon)
Missiles
 d - 5 throwing nets (quivered)
Armour
 b - a +0 leather armour
 c - a +0 helmet (worn)
 g - a +2 scale mail of fire resistance (worn)
 o - a +0 chain mail
Jewellery
 j - an uncursed ring of ice {unknown}
Scrolls
 f - a scroll of blinking {unknown}
 h - a scroll of amnesia {unknown}
 k - a scroll of teleportation {unknown}
 l - 3 scrolls of remove curse {unknown}
 n - a scroll of magic mapping {unknown}
 p - a scroll of identify {unknown}
Potions
 e - a potion of flight {unknown}
 m - a potion of curing {unknown}


   Skills:
 + Level 2.4 Fighting
 + Level 3.8 Short Blades
 + Level 2.1 Throwing
 + Level 0.4 Armour
 + Level 3.1 Dodging


You had 3 spell levels left.
You didn't know any spells.
Your spell library was empty.

Dungeon Overview and Level Annotations

Branches:
Dungeon (3/15)

Altars:


Innate Abilities, Weirdness & Mutations

You are partially covered in iridescent scales. (AC +2)
You sometimes gain a little power by taking damage.
When hurt, damage is shared between your health and your magic reserves.


Message History

You focus on the pain.
You feel agile all of a sudden.
Unknown command.
You hit the gnoll.
You kill the gnoll!
The gnoll misses you.
Sorry, you're not good enough to have a special ability.
You don't know any spells.
It was a potion of resistance.
You feel protected. The gnoll misses you.
You hit the gnoll.
The gnoll is heavily wounded.
The gnoll misses you.
You closely miss the gnoll.
The gnoll is heavily wounded.
The gnoll hits you with a +0 spear of distortion.
* * * LOW HITPOINT WARNING * * *
Space warps horribly around you!
You die...

.....g.g..#
##.#.###.##
#.#.#
#.#########
#.#g#
#....g....#
#.#g#
#########.#
#.#.# #.#
#.#.# #g#
##.#.###
#g#
.......#
#@#
##.#.#.###
#.#
#.#.#...#
#.#
#.....#.#
#.#
.....#...#
#.#
######..##
##.# #.g#
#..# #..#
#.## #g.#
#.#


You could see 2 gnolls.

Vanquished Creatures
  A gnoll (D:3)
  An ooze (D:1)
  4 worms
  2 dart slugs (D:1)
  2 leopard geckos (D:2)
  A ball python (D:2)
  2 bats
  A giant cockroach (D:1)
  4 goblins
  6 hobgoblins
  8 jackals
  5 kobolds
  A quokka (D:3)
  5 rats
43 creatures vanquished.

Notes
Turn   | Place    | Note
-------+----------+-------------------------------------------
     0 | D:1      | JustSomeDude the Demonspawn Gladiator began the quest for
                  | the Orb.
     0 | D:1      | Reached XP level 1. HP: 16/16 MP: 1/1
    41 | D:1      | Gained mutation: When hurt, damage is shared between your
                  | health and your magic reserves. [demonic ancestry]
    41 | D:1      | Reached XP level 2. HP: 7/22 MP: 2/2
  1176 | D:2      | Gained mutation: You are partially covered in iridescent
                  | scales. (AC +2) [demonic ancestry]
  1176 | D:2      | Reached XP level 3. HP: 26/27 MP: 3/3
  1351 | D:2      | Upgraded the game from 0.26.0-16-gc1dbca0489 to
                  | 0.26.1-10-gdfb7c7de75
  2075 | D:3      | Gained mutation: You sometimes gain a little power by
                  | taking damage. [demonic ancestry]
  2075 | D:3      | Reached XP level 4. HP: 33/34 MP: 4/4
  2179 | D:3      | Slain by a gnoll

Illustrated notes

Levels and vault maps discovered:
D:1:      minmay_arrival_three_doors, layout_basic
D:2:      layout_rooms, kennysheep_cross_room
D:3:      layout_loops_ring

Skill      XL: |  1  2  3 |
---------------+----------+-----
Throwing       | 2 |  2.1
Short Blades   | 3 |  3.8
Dodging        | 3 |  3.1
Fighting       | |  2.4
Armour         | |  0.4

Action                   |  1- 3 |  4- 6 || total
-------------------------+-------+-------++-------
Melee: Rapier            |   157 |    10 ||   167
  Use: Potion            |       |     1 ||     1
Armor: Leather armour    |    25 |       ||    25
       Scale mail        |    43 |     2 ||    45
Dodge: Dodged            |    91 |     5 ||    96
